 Dungeon Crawl Stone Soup version 0.21.1-1-g345015f (webtiles) character file.

230 letownia2 the Charmwright (level 6, -7/50 HPs)
             Began as a Gnoll Skald on Feb 27, 2018.
             Killed from afar by an orc wizard (11 damage)
             ... with a puff of flame
             ... on level 4 of the Dungeon.
             The game lasted 00:04:35 (689 turns).

letownia2 the Charmwright (Gnoll Skald)              Turns: 689, Time: 00:04:35

Health: -7/50      AC:  3    Str: 13    XL:     6   Next: 3%
Magic:  2/13       EV: 20    Int: 17    God:
Gold:   91         SH:  0    Dex: 20    Spells: 4/15 levels left

rFire    . . .     SeeInvis .   a - +0 spear
rCold    . . .     Gourm    +   (no shield)
rNeg     . . .     Faith    .   b - +0 leather armour
rPois    .         Spirit   .   (no helmet)
rElec    .         Reflect  .   (no cloak)
rCorr    .         Harm     .   (no gloves)
MR       .....                  (no boots)
Stlth    ++++......             m - amulet of the gourmand
HPRegen  0.16/turn              r - ring of stealth
MPRegen  0.13/turn              (no ring)

@: agile, lethally poisoned (-7 -> -8), singing (expiring), flying, hasted, very
quick
A: distributed training, fangs 1, strong nose
a: no special abilities


You were on level 4 of the Dungeon.
You were not hungry.

You visited 1 branch of the dungeon, and saw 4 of its levels.

You collected 91 gold pieces.

Inventory:

Hand Weapons
 a - a +0 spear (weapon)
 n - a +0 hunting sling
 o - a +0 hand axe of venom
Missiles
 e - 32 bolts
Armour
 b - a +0 leather armour (worn)
 h - a +0 ring mail
Jewellery
 m - an amulet of the gourmand (around neck)
 r - a ring of stealth (left hand)
Scrolls
 f - a scroll of noise {unknown}
 g - a scroll of random uselessness {unknown}
 k - a scroll of identify {unknown}
 l - a scroll of fear {unknown}
 q - a scroll of teleportation {unknown}
Books
 c - a book of Battle

   Spells                             Type                      Level
   a - Infusion                       Charms                       1
   b - Shroud of Golubria             Charms/Translocation         2
   c - Song of Slaying                Charms                       2
   d - Spectral Weapon                Hexes/Charms                 3
   e - Regeneration                   Charms/Necromancy            3
Comestibles
 d - 4 rations


   Skills:
 + Level 4.9 Fighting
 + Level 1.7 Short Blades
 + Level 1.7 Long Blades
 + Level 1.7 Axes
 + Level 1.7 Maces & Flails
 + Level 4.9 Polearms
 + Level 1.7 Staves
 + Level 1.7 Slings
 + Level 1.7 Bows
 + Level 1.7 Crossbows
 + Level 1.7 Throwing
 + Level 3.1 Armour
 + Level 4.9 Dodging
 + Level 1.7 Stealth
 + Level 1.7 Shields
 + Level 1.7 Unarmed Combat
 + Level 5.2 Spellcasting
 + Level 1.3 Conjurations
 + Level 1.3 Hexes
 + Level 5.6 Charms
 + Level 1.3 Summonings
 + Level 1.3 Necromancy
 + Level 1.3 Translocations
 + Level 1.3 Transmutations
 + Level 1.3 Fire Magic
 + Level 1.3 Ice Magic
 + Level 1.3 Air Magic
 + Level 1.3 Earth Magic
 + Level 1.3 Poison Magic
 + Level 1.9 Invocations
 + Level 1.7 Evocations


You had 4 spell levels left.
You knew the following spells:

 Your Spells              Type           Power        Failure   Level  Hunger
a - Infusion              Chrm           ###.         1%          1    None
g - Regeneration          Chrm/Necr      ###.......   13%         3    ###....
l - Song of Slaying       Chrm           ###.....     2%          2    #......
t - Shroud of Golubria    Chrm/Tloc      ###.......   6%          2    #......
x - Spectral Weapon       Hex/Chrm       ###.....     13%         3    ###....


Dungeon Overview and Level Annotations

Branches:
Dungeon (4/15)
 Temple: D:4-7

Altars:

Annotations:
D:4 Grinder


Innate Abilities, Weirdness & Mutations

Your experience applies equally to all skills.
You have very sharp teeth.
Your uncanny sense of smell can sniff out nearby items.


Message History

Unknown command.
Unknown command.
Attack whom?
Press: ? - help, Dir - move target cursor, f - orc wizard
Aim: an orc wizard, wielding a dagger and wearing a robe You reach to attack!
You closely miss the orc wizard.
Unknown command.
Unknown command.
Attack whom?
Press: ? - help, Dir - move target cursor, p - orc wizard You barely miss something.
Something hits you but does no damage.
Unknown command.
Attack whom?
Press: ? - help, Dir - move target cursor You hit something but do no damage.
Your song is almost over.
You hear some strange, mumbled words.
A puff of flame appears from out of thin air!
The puff of flame hits you!
You die...

#........
######<.# #.
#..).)..# ..
#..###..###.#
##. #..#
#......# #..
#<.# #.##.###
#..
#..###.##.#
#..
#(.#......#
#..
#{@..####.#
#.< #)##)# #
#..
#o##.####.#
#..
#o........##
##.
###o........
#. #.w######.
#. #..# #.
#......$.. ..
#..#.####w


You could see an orc wizard and an orc.

Vanquished Creatures
  The ghost of letownia2 the Charmwright, an amateur GnSk (D:3)
  An orc wizard (D:4)
  An orc priest (D:3)
  A worker ant (D:4)
  A gnoll (D:1)
  An adder (D:3)
  A worm (D:3)
  A dart slug (D:1)
  A leopard gecko (D:3)
  10 orcs
  A bat (D:3)
  2 giant cockroaches
  A goblin (D:3)
  4 hobgoblins
  2 kobolds (D:1)
  2 frilled lizards
  2 rats
33 creatures vanquished.

Notes
Turn   | Place    | Note
-------+----------+-------------------------------------------
     0 | D:1      | letownia2 the Gnoll Skald began the quest for the Orb.
     0 | D:1      | Reached XP level 1. HP: 20/20 MP: 6/6
    56 | D:1      | Reached XP level 2. HP: 17/26 MP: 2/7
    62 | D:1      | Learned a level 2 spell: Song of Slaying
    65 | D:1      | Learned a level 2 spell: Shroud of Golubria
   348 | D:3      | Reached skill level 5 in Spellcasting
   348 | D:3      | Reached XP level 3. HP: 16/31 MP: 0/9
   359 | D:3      | Learned a level 3 spell: Regeneration
   369 | D:3      | Learned a level 3 spell: Spectral Weapon
   425 | D:4      | Noticed Grinder
   457 | D:3      | Reached skill level 1 in Short Blades
   457 | D:3      | Reached skill level 1 in Long Blades
   457 | D:3      | Reached skill level 1 in Axes
   457 | D:3      | Reached skill level 1 in Maces & Flails
   457 | D:3      | Reached skill level 1 in Staves
   457 | D:3      | Reached skill level 1 in Slings
   457 | D:3      | Reached skill level 1 in Bows
   457 | D:3      | Reached skill level 1 in Crossbows
   457 | D:3      | Reached skill level 1 in Throwing
   457 | D:3      | Reached skill level 1 in Stealth
   457 | D:3      | Reached skill level 1 in Shields
   457 | D:3      | Reached skill level 1 in Unarmed Combat
   457 | D:3      | Reached skill level 1 in Invocations
   457 | D:3      | Reached skill level 1 in Evocations
   457 | D:3      | Reached XP level 4. HP: 23/38 MP: 1/11
   487 | D:3      | Noticed letownia2's ghost (amateur GnSk)
   533 | D:3      | Killed letownia2's ghost
   533 | D:3      | Reached skill level 1 in Conjurations
   533 | D:3      | Reached skill level 1 in Hexes
   533 | D:3      | Reached skill level 1 in Summonings
   533 | D:3      | Reached skill level 1 in Necromancy
   533 | D:3      | Reached skill level 1 in Translocations
   533 | D:3      | Reached skill level 1 in Transmutations
   533 | D:3      | Reached skill level 1 in Fire Magic
   533 | D:3      | Reached skill level 1 in Ice Magic
   533 | D:3      | Reached skill level 1 in Air Magic
   533 | D:3      | Reached skill level 1 in Earth Magic
   533 | D:3      | Reached skill level 1 in Poison Magic
   533 | D:3      | Reached XP level 5. HP: 25/43 MP: 2/12
   677 | D:4      | Reached XP level 6. HP: 8/50 MP: 1/13
   689 | D:4      | Killed from afar by an orc wizard

Skill      XL: |  1  2  3  4 |
---------------+-------------+-----
Spellcasting   | 5 |  5.2
Short Blades   | 1 |  1.7
Long Blades    | 1 |  1.7
Axes           | 1 |  1.7
Maces & Flails | 1 |  1.7
Staves         | 1 |  1.7
Slings         | 1 |  1.7
Bows           | 1 |  1.7
Crossbows      | 1 |  1.7
Throwing       | 1 |  1.7
Stealth        | 1 |  1.7
Shields        | 1 |  1.7
Unarmed Combat | 1 |  1.7
Invocations    | 1 |  1.9
Evocations     | 1 |  1.7
Armour         | 3 |  3.1
Conjurations   | 1 |  1.3
Hexes          | 1 |  1.3
Summonings     | 1 |  1.3
Necromancy     | 1 |  1.3
Translocations | 1 |  1.3
Transmutations | 1 |  1.3
Fire Magic     | 1 |  1.3
Ice Magic      | 1 |  1.3
Air Magic      | 1 |  1.3
Earth Magic    | 1 |  1.3
Poison Magic   | 1 |  1.3
Fighting       | |  4.9
Polearms       | |  4.9
Dodging        | |  4.9
Charms         | |  5.6

Action                   |  1- 3 |  4- 6 || total
-------------------------+-------+-------++-------
Melee: Spear             |    56 |    95 ||   151
       Bite              |     5 |     8 ||    13
       Punch             |       |     2 ||     2
 Cast: Infusion          |     2 |       ||     2
       Shroud of Golubri |     6 |     5 ||    11
       Regeneration      |     1 |     2 ||     3
       Spectral Weapon   |     1 |     2 ||     3
       Song of Slaying   |     1 |     2 ||     3
  Use: Potion            |       |     3 ||     3
 Stab: Distracted        |       |     1 ||     1
Armor: Leather armour    |    11 |    12 ||    23
Dodge: Dodged            |    39 |    53 ||    92
